 Dungeon Crawl Stone Soup version 0.30-a0-168-g0b976cbdc4 (webtiles) character file.

Game seed: 12205140283351371728

551 qw the Chopper (level 7, -8/44 HPs)
             Began as a Gargoyle Fighter on Sept 29, 2022.
             Mangled by Edmund
             ... wielding a +3 dire flail of protection
              (13 damage)
             ... on level 4 of the Dungeon.
             The game lasted 00:01:10 (3736 turns).

qw the Chopper (Gargoyle Fighter)                   Turns: 3736, Time: 00:01:11

Health: -8/44      AC: 18    Str: 22    XL:     7   Next: 29%
Magic:  0/7        EV:  7    Int:  8    God:
Gold:   22         SH:  4    Dex:  9    Spells: 6/6 levels left

rFire   . . .      SeeInvis .    Y - +0 war axe
rCold   . . .      Faith    .    c - +0 buckler
rNeg    + . .      Spirit   +    h - +0 chain mail
rPois   inf        Reflect  .    (no helmet)
rElec   +          Harm     .    (no cloak)
rCorr   .          Rampage  .    i - +0 pair of gloves
Will    .....                    j - +2 pair of boots
Stlth   ..........               o - amulet of guardian spirit
HPRegen 0.14/turn                (no ring)
MPRegen 0.10/turn                (no ring)

@: no status effects
A: sickness immunity, AC +4, negative energy resistance 1, electricity
resistance, torment resistance 1, petrification resistance
a: no special abilities


You were on level 4 of the Dungeon.
You visited 1 branch of the dungeon, and saw 4 of its levels.

You collected 187 gold pieces.
You spent 165 gold pieces at shops.


Innate Abilities, Weirdness & Mutations

You are immune to sickness and miasma.
Your stone body is resilient. (AC +4)
You are immune to poison.
You resist negative energy. (rN+)
You are resistant to electric shocks. (rElec)
You are resistant to unholy torment.
You are immune to petrification.


   Skills:
 - Level 5.6 Fighting
 - Level 6.0 Axes
 - Level 3.2 Armour
 + Level 0.0 Dodging
 - Level 3.2 Shields


You had 6 spell levels left.
You didn't know any spells.
Your spell library was empty.

Inventory:

Hand Weapons
 g - a +1 flail of protection
 Y - a +0 war axe (weapon)
Armour
 c - a +0 buckler (worn)
 h - a +0 chain mail (worn)
 i - a +0 pair of gloves (worn)
 j - a +2 pair of boots (worn)
 m - a +0 cloak
Jewellery
 o - an amulet of guardian spirit (around neck)
Scrolls
 f - 2 scrolls of identify
 n - a scroll of amnesia {unknown}
Potions
 a - a potion of berserk rage {unknown}
 b - a potion of curing
 d - 2 potions of might
 e - a potion of ambrosia {unknown}
 k - a potion of mutation {unknown}
 l - a potion of lignification {unknown}

Dungeon Overview and Level Annotations

Branches:
Dungeon (4/15)
 Temple: D:4-7

Altars:
Dithmenos
Qazlal
Zin

Shops:
D:4 *

Annotations:
D:4 Edmund


Message History

You slash Edmund!
Edmund is heavily wounded.
Edmund hits you with a +3 dire flail of protection!
Edmund barely misses you.
You closely miss Edmund.
Edmund is heavily wounded.
Edmund hits you with a +3 dire flail of protection.
You hit Edmund.
Edmund is heavily wounded.
Edmund hits you but does no damage.
You hit Edmund.
Edmund is heavily wounded.
Edmund hits you with a +3 dire flail of protection!
You hit Edmund but do no damage.
Edmund is heavily wounded.
Edmund barely misses you.
You slash Edmund!
Edmund is severely wounded.
Edmund closely misses you. Edmund hits you but does no damage.
You hit Edmund.
Edmund is almost dead.
Edmund hits you with a +3 dire flail of protection!
You barely miss Edmund.
Edmund is almost dead.
Edmund hits you but does no damage.
You closely miss Edmund.
Edmund is almost dead.
Edmund hits you but does no damage.
Edmund says, "You wouldn't believe how much I paid for this flail."
You block Edmund's attack.
You completely miss Edmund.
Edmund is almost dead.
Edmund hits you but does no damage.
You completely miss Edmund.
Edmund is almost dead.
Edmund hits you with a +3 dire flail of protection!
You barely miss Edmund.
Edmund is almost dead.
Edmund hits you with a +3 dire flail of protection!
You die...

##...#
#.'..\..>..'.#
#..####.##########.#
##...##......... #.#
#..####<.....## #.#
###..######### ##.#
+...# #..# ##.##
#.## #@## #####.#
#@.# ##.....#
##.######..#####
####........##
#.......#####
##.......########
#...........[....
#.......#########
#..........#
....##......#


You could see Edmund.

Vanquished Creatures
  Grinder (D:3)
  Sigmund (D:3)
  An ogre (D:4)
  4 adders
  A worm (D:3)
  5 dart slugs
  4 orcs (D:3)
  3 endoplasms
  A giant cockroach (D:2)
  5 goblins (D:1)
  7 hobgoblins
  6 jackals (D:1)
  4 quokkas (D:1)
  8 ball pythons
  3 bats (D:1)
  A frilled lizard (D:3)
  4 rats
59 creatures vanquished.

Notes
Turn   | Place    | Note
-------+----------+-------------------------------------------
     0 | D:1      | qw the Gargoyle Fighter began the quest for the Orb.
     0 | D:1      | Reached XP level 1. HP: 14/14 MP: 1/1
     0 | D:1      | 0 ||| qw: Version: 0.2-a-12-gaebbb33
     0 | D:1      | 0 ||| qw: Game counter: 1193
     0 | D:1      | 0 ||| qw: Always use a shield: true
     0 | D:1      | 0 ||| qw: God list: Okawaru
     0 | D:1      | 0 ||| qw: Allow faded altars: false
     0 | D:1      | 0 ||| qw: Do Orc after D:15 true
     0 | D:1      | 0 ||| qw: Do second Lair branch before Depths: true
     0 | D:1      | 0 ||| qw: Lair rune preference: random
     0 | D:1      | 0 ||| qw: Plans: Normal, Zot:1-4, God:TSO, Crypt, Tomb,
                  | Pan, Slime:5, Hells, Abyss, Orb
     0 | D:1      | 0 ||| PLANNING D:1-11
    15 | D:1      | 15 ||| Stepping ~*~*~tactically~*~*~ (stealth).
    25 | D:1      | Reached skill level 2 in Axes
   170 | D:1      | 170 ||| Stepping ~*~*~tactically~*~*~ (stealth).
   230 | D:1      | Reached XP level 2. HP: 11/19 MP: 2/2
  1132 | D:1      | Reached skill level 3 in Axes
  1149 | D:1      | Reached XP level 3. HP: 20/23 MP: 3/3
  1464 | D:1      | Found a faded altar of an unknown god.
  1543 | D:1      | 1543 ||| UPGRADING to +0 chain mail.
  1553 | D:1      | 1553 ||| DROPPING +0 scale mail.
  1554 | D:1      | 1554 ||| UPGRADING to +0 pair of gloves.
  1559 | D:1      | 1559 ||| READING scroll labelled PIATOO JOEMN.
  1560 | D:1      | 1560 ||| READING 2 scrolls labelled LODEDUAXKEU.
  2051 | D:2      | 2051 ||| UPGRADING to +2 pair of boots.
  2056 | D:2      | 2056 ||| READING scroll labelled ZOLETIROAM.
  2057 | D:2      | 2057 ||| DRINKING 2 cyan potions.
  2124 | D:3      | 2124 ||| Stepping ~*~*~tactically~*~*~ (stealth).
  2126 | D:3      | 2126 ||| STAIRDANCE
  2311 | D:3      | Reached XP level 4. HP: 28/28 MP: 4/4
  2337 | D:3      | Noticed Sigmund
  2338 | D:3      | 2338 ||| Stepping ~*~*~tactically~*~*~ (hiding).
  2355 | D:3      | Killed Sigmund
  2356 | D:3      | Reached skill level 5 in Axes
  2356 | D:3      | Reached XP level 5. HP: 21/32 MP: 5/5
  2356 | D:3      | Reached XP level 6. HP: 24/37 MP: 6/6
  2497 | D:3      | Found a glowing silver altar of Zin.
  2601 | D:3      | 2601 ||| Stepping ~*~*~tactically~*~*~ (hiding).
  2741 | D:3      | 2741 ||| Stepping ~*~*~tactically~*~*~ (hiding).
  2743 | D:3      | 2743 ||| Stepping ~*~*~tactically~*~*~ (hiding).
  2823 | D:3      | Found a shadowy altar of Dithmenos.
  2981 | D:3      | Noticed Grinder
  2981 | D:3      | Paralysed by Grinder for 5 turns
  2992 | D:3      | Paralysed by Grinder for 4 turns
  2997 | D:3      | Killed Grinder
  2998 | D:3      | Reached XP level 7. HP: 31/44 MP: 7/7
  3267 | D:3      | 3267 ||| DROPPING +0 club.
  3271 | D:3      | 3271 ||| Stepping ~*~*~tactically~*~*~ (stealth).
  3272 | D:3      | 3272 ||| Stepping ~*~*~tactically~*~*~ (stealth).
  3299 | D:3      | Found a faded altar of an unknown god.
  3304 | D:3      | Found a stormy altar of Qazlal.
  3322 | D:3      | 3322 ||| DROPPING +4 whip.
  3431 | D:3      | 3431 ||| UPGRADING to amulet of guardian spirit.
  3436 | D:3      | 3436 ||| READING scroll labelled YTIODWU NUNEICH.
  3437 | D:3      | 3437 ||| READING scroll labelled LUIG NOFENIMAWN.
  3438 | D:3      | 3438 ||| READING scroll labelled MOYTOTWAOGG.
  3441 | D:3      | 3441 ||| DRINKING 3 fuming golden potions.
  3442 | D:3      | 3442 ||| DROPPING 2 potions of magic.
  3463 | D:4      | Found Ducithri's Assorted Antiques.
  3468 | D:4      | 3468 ||| SHOPLISTING 2 potions of might (240 gold, have
                  | 187).
  3468 | D:4      | 3468 ||| BUYING cloak (135 gold).
  3468 | D:4      | Bought a cloak for 135 gold pieces
  3468 | D:4      | 3468 ||| BUYING scroll labelled VOUNOV HESOR (30 gold).
  3468 | D:4      | Bought a scroll labelled VOUNOV HESOR for 30 gold pieces
  3468 | D:4      | 3468 ||| SHOPLISTING scroll labelled VOUNOV HESOR (30 gold,
                  | have 22).
  3468 | D:4      | 3468 ||| SHOPLISTING silvery potion (27 gold, have 22).
  3535 | D:4      | Reached skill level 6 in Axes
  3574 | D:4      | Noticed Edmund
  3575 | D:4      | 3575 ||| FLEEEEING.
  3731 | D:4      | HP: 11/44 [Edmund/+3 dire flail of protection (7)]
  3735 | D:4      | HP: 5/44 [Edmund/+3 dire flail of protection (7)]
  3736 | D:4      | Mangled by Edmund

Levels and vault maps discovered:
D:1:      heliophobic_arrival_battle_scene, layout_basic,
          shapermc_ecumenical_altar_hornbeckon, kennysheep_boxes
D:2:      layout_basic
D:3:      minmay_spotlight, layout_loops_cross,
          nicolae_overflow_ecumenical_swirl, lemuel_crystal_altar,
          nicolae_dithmenos_shadow_blocks, nrook_mini_vaults, uniq_grinder,
          uniq_sigmund
D:4:      minmay_razor_zed, layout_basic, nemelex_xobeh_ov_fountains_minmay,
          serial_shops, nicolae_shop_hallway_stairs, uniq_edmund

Skill      XL: |  1  2  3  4  5  6  7 |
---------------+----------------------+-----
Axes           | 2 3 5 6 |  6.0
Fighting       | 5 |  5.6
Armour         | |  3.2
Shields        | |  3.2

Action                   |  1- 3 |  4- 6 |  7- 9 || total
-------------------------+-------+-------+-------++-------
Melee: War axe           |   140 |    55 |    46 ||   241
  Use: Scroll            |     3 |       |     3 ||     6
       Potion            |     1 |       |     1 ||     2
Armor: Scale mail        |    39 |       |       ||    39
       Chain mail        |    41 |    23 |    23 ||    87
Dodge: Dodged            |    61 |    13 |    11 ||    85
Block: Buckler           |    27 |     4 |     6 ||    37

Table legend:
 A = Non-vault XP
 B = Vault XP
 C = Vault XP percentage of total XP
 D = Non-vault monster count
 E = Vault monster count
 F = Vault count percentage of total count
                 A         B        C        D         E       F
            +---------+---------+-------+---------+---------+-------
      Total |     259 |     529 |  67.1 |      52 |       7 |  11.9
            +---------+---------+-------+---------+---------+-------
        D:1 |      44 |       0 |   0.0 |      24 |       0 |   0.0
        D:2 |      28 |       0 |   0.0 |       8 |       0 |   0.0
        D:3 |      69 |     529 |  88.5 |      19 |       7 |  26.9
        D:4 |     118 |       0 |   0.0 |       1 |       0 |   0.0
            +---------+---------+-------+---------+---------+-------
